 Dungeon Crawl Stone Soup version 0.32-a0-876-gcfddb08e57 (webtiles) character file.

Game seed: 4520408295746208512

20398 smashvw the Thaumaturge (level 13, -35/96 HPs)
             Began as a Djinni Conjurer on Apr 1, 2024.
             Was a High Priest of Makhleb.
             Annihilated by a bog body (42 damage)
             ... on level 3 of the Lair of Beasts.
             The game lasted 00:34:30 (12405 turns).

smashvw the Thaumaturge (Djinni Conjurer)          Turns: 12405, Time: 00:34:31

Health: -35/96     AC: 11    Str:  6    XL:     13   Next: 12%
Gold:   545        EV: 11    Int: 26    God:    Makhleb [*****.] SH:  0 Dex: 11

rFire   + + .        F - +4 dagger (venom)
rCold   x . .        (no shield)
rNeg    . . .        G - +0 steam dragon scales
rPois   ∞            k - +0 helmet
rElec   .            D - +0 cloak
rCorr   +            (no gloves)
SInv    .            (boots unavailable)
Will    +....        M - amulet of regeneration
Stlth   ++           f - +4 ring of protection
HPRegen 1.16/turn    i - ring of resist corrosion
MPRegen 0.00/turn

%: infuse magic (-36 HP)
@: flying, slowed, very slow
A: sickness immunity, fire resistance 2, cold vulnerability 1, float, innate
caster, HP casting, extra vitality 1
a: Renounce Religion, Minor Destruction, Lesser Servant of Makhleb, Major
Destruction, Greater Servant of Makhleb


You were on level 3 of the Lair of Beasts.
You worshipped Makhleb.
Makhleb was extremely pleased with you.
You visited 2 branches of the dungeon, and saw 14 of its levels.
You also visited: Sewer.

You collected 965 gold pieces.
You spent 420 gold pieces at shops.

Inventory:

Hand Weapons
 s - a +2 vampiric dagger
 F - a +4 dagger of venom (weapon)
Armour
 a - a +0 robe
 k - a +0 helmet (worn)
 D - a +0 cloak (worn)
 G - +0 steam dragon scales (worn)
Jewellery
 f - a +4 ring of protection (left hand)
 i - a ring of resist corrosion (right hand)
 r - a +6 ring of dexterity
 v - a ring of positive energy
 M - an amulet of regeneration (around neck)
Wands
 q - a wand of warping (10)
 t - a wand of flame (27)
 E - a wand of acid (13)
Scrolls
 d - 5 scrolls of amnesia {unknown}
 g - 15 scrolls of identify {unknown}
 j - 4 scrolls of silence {unknown}
 l - a scroll of teleportation {unknown}
 m - 3 scrolls of noise {unknown}
 o - a scroll of vulnerability {unknown}
 u - a scroll of blinking {unknown}
 x - 2 scrolls of revelation {unknown}
 y - 2 scrolls of enchant weapon {unknown}
 B - 3 scrolls of immolation {unknown}
 C - a scroll of fear {unknown}
 J - a scroll of enchant armour {unknown}
Potions
 b - 4 potions of mutation {unknown}
 c - 5 potions of ambrosia {unknown}
 e - 2 potions of berserk rage {unknown}
 h - 3 potions of haste {unknown}
 n - 3 potions of curing {unknown}
 p - 2 potions of cancellation {unknown}
 w - 6 potions of might {unknown}
 z - 4 potions of resistance {unknown}
 A - 4 potions of heal wounds {unknown}
 I - 2 potions of attraction {unknown}
 K - a potion of brilliance {unknown}
 L - a potion of lignification {unknown}
 N - 2 potions of invisibility {unknown}
 O - 2 potions of magic {unknown}
Miscellaneous
 H - a phantom mirror


   Skills:
 - Level 10.0 Fighting
 - Level 2.1 Dodging
 - Level 1.5 Stealth
 * Level 14.7 Spellcasting
 * Level 14.7 Conjurations
 * Level 14.7 Hexes
   Level 0.0 Charms
 * Level 14.7 Summonings
 * Level 14.7 Necromancy
 * Level 14.7 Translocations
   Level 0.0 Transmutations
 * Level 14.7 Fire Magic
 * Level 14.7 Ice Magic
 * Level 14.7 Air Magic
 * Level 14.7 Earth Magic
 * Level 14.7 Alchemy


You knew the following spells:

 Your Spells              Type           Power      Damage    Failure   Level
a - Magic Dart            Conj           100%       1d8       0%          1
b - Searing Ray           Conj           100%       2d8       0%          2
c - Fulminant Prism       Conj/Alch      38%        3d17      1%          4
d - Iskenderun's Mystic   Conj/Tloc      77%        2d15      (+2d81%     4
e - Slow                  Hex            100%       N/A       0%          1
f - Momentum Strike       Conj/Tloc      100%       3d10      0%          2
g - Dazzling Flash        Conj/Hex       100%       N/A       1%          3
h - Call Canine Familiar  Summ           77%        N/A       1%          3
i - Brom's Barrelling Bo  Conj/Erth      77%        2d9       1%          4
j - Arcjolt               Conj/Air       38%        1d48      1%          5
Your spell library was empty.

Dungeon Overview and Level Annotations

Branches:
Dungeon (11/15)            Temple (0/1) D:5            Lair (3/5) D:11
    Orc (0/2) D:9           Sewer (visited)
  Swamp: Lair:2-3    Shoals: Lair:2-3     Snake: Lair:2-3    Spider: Lair:2-3

Altars:
Ashenzari
Elyvilon
Hepliaklqana
Makhleb
Qazlal
Trog
Uskayaw
Wu Jian

Shops:
D:1 =   D:6 (


Innate Abilities, Weirdness & Mutations

You are immune to sickness and miasma.
You are immune to poison.
Your flesh is very heat resistant. (rF++)
You are vulnerable to cold. (rC-)
You float through the air rather than walking.
You learn spells naturally, not from books.
Your magical power is your life essence.
You have superior vitality. (+4 MHP)


Message History

The bullfrog is heavily wounded.
Casting: Magic Dart (safe; 0% risk of failure)
Confirm with . or Enter, or press ? or * to list all spells.
You erupt in a blast of force!
The mystic blast hits the bullfrog!!
You kill the bullfrog!
Makhleb accepts your kill.
You feel better.
HP restored.
A bog body comes into view.
A bog body is nearby!
The magic dart hits the bog body!
The bog body is lightly damaged.
You can't see any susceptible monsters within range! (Use Z to cast anyway.)
The bog body points at you and mumbles some strange words.
You feel yourself slow down.
The magic dart hits the bog body.
The bog body is lightly damaged.
The bog body casts a spell at you.
You feel as though you will be slow longer.
The magic dart hits the bog body.
The bog body is moderately damaged.
The magic dart hits the bog body.
The bog body is moderately damaged.
The bog body casts a spell at you. The bolt of cold hits you!!
You feel a terrible chill!
Casting: Magic Dart (safe; 0% risk of failure)
Confirm with . or Enter, or press ? or * to list all spells.
You erupt in a blast of force!
The mystic blast hits the bog body!
The bog body is heavily damaged.
The bog body is knocked back by the mystic blast.
The bog body points at you and mumbles some strange words.
The bolt of cold hits you!!!
You feel a terrible chill!
Ouch! That really hurt!
* * * LOW HITPOINT WARNING * * *
The bog body gestures at you while chanting.
You resist with some effort. The bog body touches you!
* * * LOW HITPOINT WARNING * * *
The bog body freezes you!!!
You feel a terrible chill!
You die...

.. .... .....
...... #####
.......#...#
...........#
......###.##
......n#.##
§.....#@..###..
.......<†..>....
................
................
................
................
.....#####.#....
..... ##....
..... ..


You could see a bog body.

Vanquished Creatures
  A two-headed ogre (D:11)
  Maurice (D:7)
  9 elephants
  3 black mambas
  5 cane toads
  2 kobold demonologists (D:11)
  An unseen horror (D:11)
  2 komodo dragons
  A hornet (D:7)
  A troll (D:10)
  8 blink frogs
  26 yaks
  4 wyverns
  A basilisk (D:11)
  3 steam dragons
  Edmund (D:5)
  3 water moccasins
  An acid dragon (D:8)
  Duvessa (D:7)
  An ice beast (D:6)
  3 black bears
  A sky beast (D:8)
  7 orc warriors
  3 ogres
  A wolf (Lair:1)
  4 centaurs
  7 kobold brigands
  9 bullfrogs
  2 gnoll sergeants
  2 scorpions (D:4)
  8 wights (D:7)
  Dowan (D:7)
  3 killer bees (D:9)
  2 howler monkeys
  2 bombardier beetles
  3 hounds
  6 jellies
  8 orc priests
  3 iguanas
  10 orc wizards
  4 hell rats (Lair:2)
  Robin (D:2)
  9 gnolls
  9 adders
  4 river rats
  A shadow imp (D:8)
  2 white imps
  6 ufetubi (D:6)
  2 dart slugs
  2 ribbon worms
  60 orcs
  4 bats (D:1)
  12 endoplasms
  7 giant cockroaches
  14 goblins
  6 hobgoblins
  3 jackals (D:4)
  A quokka (D:4)
  7 ball pythons
  2 frilled lizards
  26 kobolds
  10 rats
352 creatures vanquished.

Vanquished Creatures (collateral kills)
  A water moccasin (Lair:1)
1 creature vanquished.

Vanquished Creatures (others)
  18 fulminant prisms
18 creatures vanquished.

Grand Total: 371 creatures vanquished

Notes
Turn   | Place    | Note
-------+----------+-------------------------------------------
     0 | D:1      | smashvw the Djinni Conjurer began the quest for the Orb.
     0 | D:1      | smashvw set off with the following spells memorised: Magic
                  | Dart, Searing Ray, Fulminant Prism, Iskenderun's Mystic
                  | Blast.
     0 | D:1      | Reached XP level 1. HP: 15/15 MP: 0/0
    47 | D:1      | Found a faded altar of an unknown god.
   138 | D:1      | Found Yshrus's Jewellery Boutique.
   170 | D:1      | Reached XP level 2. HP: 12/22 MP: 0/0
   173 | D:1      | Reached skill level 1 in Fighting
   501 | D:1      | Reached XP level 3. HP: 26/27 MP: 0/0
   501 | D:1      | Learned a level 1 spell: Slow
   917 | D:2      | You are sucked into a shaft and drop 1 floor!
   930 | D:3      | Found a burning altar of Makhleb.
   938 | D:3      | Became a worshipper of Makhleb the Destroyer
   995 | D:3      | Reached XP level 4. HP: 26/32 MP: 0/0
  1402 | D:2      | Noticed Robin
  1409 | D:2      | Killed Robin
  1582 | D:2      | Reached XP level 5. HP: 37/38 MP: 0/0
  1582 | D:2      | Learned a level 2 spell: Momentum Strike
  1838 | D:3      | Found a hide-covered altar of Uskayaw.
  2372 | D:4      | Found a stormy altar of Qazlal.
  2445 | D:4      | Reached skill level 5 in Spellcasting
  2445 | D:4      | Reached skill level 5 in Conjurations
  2445 | D:4      | Reached skill level 5 in Hexes
  2445 | D:4      | Reached skill level 5 in Summonings
  2445 | D:4      | Reached skill level 5 in Necromancy
  2445 | D:4      | Reached skill level 5 in Translocations
  2445 | D:4      | Reached skill level 5 in Fire Magic
  2445 | D:4      | Reached skill level 5 in Ice Magic
  2445 | D:4      | Reached skill level 5 in Air Magic
  2445 | D:4      | Reached skill level 5 in Earth Magic
  2445 | D:4      | Reached skill level 5 in Alchemy
  2445 | D:4      | Reached XP level 6. HP: 31/45 MP: 0/0
  2878 | D:4      | Reached * piety under Makhleb
  3118 | D:5      | Entered Level 5 of the Dungeon
  3121 | D:5      | Reached XP level 7. HP: 48/50 MP: 0/0
  3121 | D:5      | Learned a level 3 spell: Dazzling Flash
  3178 | D:5      | Noticed Edmund
  3191 | D:5      | Killed Edmund
  3325 | D:5      | Found a glowing drain.
  3388 | Sewer    | Entered a sewer
  3557 | Sewer    | Reached ** piety under Makhleb
  3690 | Sewer    | Found a shimmering altar of Xom.
  3787 | D:5      | Found a broken altar of Ashenzari.
  3889 | D:5      | Found a staircase to the Ecumenical Temple.
  3912 | D:5      | Reached XP level 8. HP: 52/58 MP: 0/0
  4526 | D:6      | Reached skill level 5 in Fighting
  4652 | D:6      | Reached XP level 9. HP: 43/65 MP: 0/0
  4652 | D:6      | Learned a level 3 spell: Call Canine Familiar
  5108 | D:6      | Found Ymawekhu's Weapon Emporium.
  5230 | D:6      | Found a bloodstained altar of Trog.
  5230 | D:6      | Found an ornate altar of the Wu Jian Council.
  5629 | D:7      | Noticed a hornet
  5641 | D:7      | Killed a hornet
  5838 | D:7      | Noticed Maurice
  5856 | D:7      | Killed Maurice
  5856 | D:7      | Reached *** piety under Makhleb
  6055 | D:7      | Reached XP level 10. HP: 67/72 MP: 0/0
  6056 | D:7      | Noticed Duvessa
  6057 | D:7      | Noticed Dowan
  6065 | D:7      | Killed Dowan
  6071 | D:7      | Killed Duvessa
  6072 | D:7      | Reached skill level 10 in Spellcasting
  6072 | D:7      | Reached skill level 10 in Conjurations
  6072 | D:7      | Reached skill level 10 in Hexes
  6072 | D:7      | Reached skill level 10 in Summonings
  6072 | D:7      | Reached skill level 10 in Necromancy
  6072 | D:7      | Reached skill level 10 in Translocations
  6072 | D:7      | Reached skill level 10 in Fire Magic
  6072 | D:7      | Reached skill level 10 in Ice Magic
  6072 | D:7      | Reached skill level 10 in Air Magic
  6072 | D:7      | Reached skill level 10 in Earth Magic
  6072 | D:7      | Reached skill level 10 in Alchemy
  7195 | D:9      | Found a hazy altar of Hepliaklqana.
  7407 | D:9      | Reached **** piety under Makhleb
  7868 | D:9      | Found a staircase to the Orcish Mines.
  8305 | D:10     | Entered Level 10 of the Dungeon
  8348 | D:10     | Found a white marble altar of Elyvilon.
  8743 | D:10     | Reached ***** piety under Makhleb
  8744 | D:10     | Reached XP level 11. HP: 71/78 MP: 0/0
  8744 | D:10     | Learned a level 4 spell: Brom's Barrelling Boulder
  9309 | D:11     | Noticed a two-headed ogre
  9315 | D:11     | Killed a two-headed ogre
  9646 | D:11     | Noticed an elephant
  9658 | D:11     | Killed an elephant
  9689 | D:11     | Found a staircase to the Lair.
 10372 | D:1      | Bought an amulet of regeneration for 420 gold pieces
 10539 | Lair:1   | Entered Level 1 of the Lair of Beasts
 10599 | Lair:1   | Noticed an elephant
 10600 | Lair:1   | Reached XP level 12. HP: 88/88 MP: 0/0
 11689 | Lair:2   | Reached skill level 10 in Fighting
 11901 | Lair:2   | Reached XP level 13. HP: 84/96 MP: 0/0
 11901 | Lair:2   | Learned a level 5 spell: Arcjolt
 12405 | Lair:3   | Annihilated by a bog body

Illustrated notes

Levels and vault maps discovered:
D:1:      dpeg_arrival_renting, layout_loops_ring, basic_ecumenical_altar,
          serial_shops, shop
D:2:      layout_loops_ring, nrook_mini_vaults, uniq_robin
D:3:      layout_basic, general_overflow_altar,
          nicolae_uskayaw_murder_on_the_dancefloor
D:4:      layout_basic, nicolae_qazlal_scattered_showers
D:5:      layout_loops_ring, cheibrodos_ashenzari_chains,
          minmay_temple_entry_tees, portal_sewer_entry_c, uniq_edmund
D:6:      layout_cave_pools, gammafunk_temple_overflow_wave, serial_shops,
          nicolae_shop_peninsula
D:7:      layout_rooms, uniq_maurice, uniq_duvessa
D:8:      layout_rooms
D:9:      layout_roguey [special_room_orc], mainiacjoe_overflow_catwalk,
          david_orc_2
D:10:     layout_loops_corners, elyvilon_altar_1, minmay_misc_feat_diagonals
D:11:     layout_long_grid, david_lair_generic, special_room [special_room_orc]
Lair:1:   layout_cave_shapes, nicolae_quartered_pool_little, beast_lair_carwin_6
Lair:2:   layout_roguey
Lair:3:   layout_regular_city, skrybe_swamp_entry_bodies,
          nicolae_spider_entry_tight_spaces, beast_lair_carwin_3,
          lemuel_fruit_tree

Skill      XL: |  1  2  3  4  5  6  7  8  9 10 11 12 |
---------------+-------------------------------------+-----
Fighting       | 1 2 3 4 5 6 8 10 | 10.0
Spellcasting   | 4 5 6 7 9 11 13 14 | 14.7
Conjurations   | 4 5 6 7 9 11 13 14 | 14.7
Hexes          | 4 5 6 7 9 11 13 14 | 14.7
Summonings     | 4 5 6 7 9 11 13 14 | 14.7
Necromancy     | 4 5 6 7 9 11 13 14 | 14.7
Translocations | 4 5 6 7 9 11 13 14 | 14.7
Fire Magic     | 4 5 6 7 9 11 13 14 | 14.7
Ice Magic      | 4 5 6 7 9 11 13 14 | 14.7
Air Magic      | 4 5 6 7 9 11 13 14 | 14.7
Earth Magic    | 4 5 6 7 9 11 13 14 | 14.7
Alchemy        | 4 5 6 7 9 11 13 14 | 14.7
Dodging        | |  2.1
Stealth        | |  1.5

Action                     |  1- 3 |  4- 6 |  7- 9 | 10-12 | 13-15 || total
---------------------------+-------+-------+-------+-------+-------++-------
  Melee: Unarmed           |       |     4 |       |       |       ||     4
         Dagger            |       |     7 |       |     2 |       ||     9
   Cast: Magic Dart        |    57 |    94 |   180 |   245 |    16 ||   592
         Searing Ray       |       |     5 |     6 |    18 |       ||    29
         Fulminant Prism   |       |     1 |     6 |    11 |       ||    18
         Iskenderun's Myst |       |     3 |    32 |   145 |     8 ||   188
         Momentum Strike   |       |     2 |     2 |     1 |       ||     5
         Dazzling Flash    |       |       |     2 |     7 |       ||     9
         Call Canine Famil |       |       |     1 |     4 |       ||     5
         Slow              |       |       |       |     1 |       ||     1
         Brom's Barrelling |       |       |       |     3 |       ||     3
         Arcjolt           |       |       |       |       |     9 ||     9
   Stab: Sleeping          |       |     1 |       |       |       ||     1
 Armour: Robe              |     3 |    15 |    39 |    14 |       ||    71
         Steam dragon scal |       |       |       |    80 |    10 ||    90
  Dodge: Dodged            |     7 |    15 |    21 |    82 |     1 ||   126

Table legend: (Time is in decaauts)
 A = Elapsed time spent in this place.
 B = Non-inter-level travel time spent in this place.
 C = Inter-level travel time spent in this place.
 D = Time resting spent in this place.
 E = Time spent auto-exploring this place.
 F = Levels seen in this place.
 G = Mean time per level.
                   A        B        C        D        E       F      G
               +--------+--------+--------+--------+--------+-----+--------+
         Total |  12426 |  11365 |   1061 |    434 |   9326 |  15 |  828.4 |
       Dungeon |  10512 |   9582 |    930 |    376 |   7975 |  11 |  955.6 |
          Lair |   1546 |   1416 |    130 |     58 |   1074 |   3 |  515.3 |
         Sewer |    367 |    367 |      0 |      0 |    277 |   1 |  367.0 |
               +--------+--------+--------+--------+--------+-----+--------+

Top non-repeatable levels by time:
     D:7: 1426 daAuts
     D:9: 1167 daAuts
     D:5: 1158 daAuts
    D:10: 1081 daAuts
    D:11: 986 daAuts
     D:4: 882 daAuts
  Lair:2: 872 daAuts
     D:2: 867 daAuts
     D:3: 795 daAuts
     D:1: 786 daAuts
     D:6: 752 daAuts
  Lair:1: 627 daAuts
     D:8: 608 daAuts
   Sewer: 367 daAuts
  Lair:3: 46 daAuts
